 Dungeon Crawl Stone Soup version 0.17.2 (webtiles) character file.

320162 mrath the Tortoise (level 20, -30/180 HPs)
             Began as a Minotaur Fighter on May 25, 2016.
             Was an Elder of Okawaru.
             Killed from afar by Nikola (32 damage)
             ... with a chain lightning
             ... on level 3 of the Elven Halls on May 26, 2016.
             The game lasted 05:59:31 (50610 turns).

mrath the Tortoise (Minotaur Fighter)              Turns: 50610, Time: 05:59:32

Health: -30/180    AC: 33    Str: 41    XL:     20   Next: 61%
Magic:  37/37      EV: 24    Int:  5    God:    Okawaru [****..]
Gold:   1816       SH: 28    Dex: 19    Spells: 0 memorised, 19 levels left

rFire  + + +     SeeInvis .     V - +8 autumn katana {slice, Clar}
rCold  + . .     Clarity  +     h - +4 plate armour of the Apprentice {rF+++ rC+ Str+3 Dex-2}
rNeg   . . .     SustAt   .     n - +1 large shield of Sunlight {*Drain rPois MR+ Stlth+}
rPois  +         Gourm    .     T - +2 hat
rElec  .         Spirit   .     H - +0 cloak {+Inv}
rCorr  +         Warding  .     A - +1 pair of gloves {Str+3}
rMut   .         Stasis   .     C - +0 pair of boots "Onuzecem" {rCorr MP+9 Str+4}
MR     +++..                    t - amulet of regeneration
Stlth  ..........               W - +3 ring of dexterity
                                q - ring of the Ant {+Fly Dex+5}

@: heroism, extremely resistant to hostile enchantments, extremely unstealthy
A: retaliatory headbutt, hooves 2, horns 2, molten scales 1, magic resistance 1,
strong 2, wild magic 1
a: Heroism, Renounce Religion, Evoke Invisibility, Evoke Flight
}: 2/15 runes: decaying, gossamer


You were on level 3 of the Elven Halls.
You worshipped Okawaru.
Okawaru was greatly pleased with you.
You were hungry.

You visited 7 branches of the dungeon, and saw 39 of its levels.
You also visited: Ossuary, Ice Cave and Wizlab.

You collected 4409 gold pieces.
You spent 2593 gold pieces at shops.

Inventory:

Hand Weapons
 d - the +0 eveningstar of Fynapp {elec, Str+5}
   (Okawaru gifted it to you in a wizard's laboratory)

   Occasionally, upon striking a foe, it will discharge some electrical energy
   and cause terrible harm.
   It affects your strength (+5).
 R - a +1 flail of protection
 V - the +8 autumn katana (weapon) {slice, Clar}
   (You found it on level 1 of the Lair of Beasts)

   It inflicts extra damage upon your enemies.
   It protects you against confusion.
Missiles
 w - 4 javelins (quivered)
 E - 14 tomahawks of returning
 U - 7 javelins of penetration
Armour
 h - the +4 plate armour of the Apprentice (worn) {rF+++ rC+ Str+3 Dex-2}
   (You bought it in a shop on level 4 of the Orcish Mines)

   It affects your strength (+3).
   It affects your dexterity (-2).
   It renders you almost immune to fire.
   It protects you from cold.
 n - the +1 large shield of Sunlight (worn) {*Drain rPois MR+ Stlth+}
   (You bought it in a shop on level 4 of the Orcish Mines)

   It protects you from poison.
   It affects your resistance to hostile enchantments.
   It causes draining when unequipped.
   It makes you more stealthy.
 A - a +1 pair of gloves of strength (worn)
 C - the +0 pair of boots "Onuzecem" (worn) {rCorr MP+9 Str+4}
   (You acquired it on level 2 of the Lair of Beasts)

   It affects your strength (+4).
   It affects your magic capacity (+9).
   It protects you from acid and corrosion.
 H - a +0 cloak of invisibility (worn)
 T - a +2 hat (worn)
Jewellery
 q - the ring of the Ant (left hand) {+Fly Dex+5}
   (You bought it in a shop on level 4 of the Orcish Mines)

   [ring of flight]

   It affects your dexterity (+5).
   It lets you fly.
 t - an amulet of regeneration (around neck)
 F - a cursed amulet of resist mutation
 W - a +3 ring of dexterity (right hand)
Wands
 s - a wand of cold (8)
 x - a wand of confusion (13)
 y - a wand of hasting (6)
 D - a wand of draining (10)
 I - a wand of fire (6)
 N - a wand of slowing (20)
 S - a wand of digging (4)
Scrolls
 b - 5 scrolls of silence
 c - 10 scrolls of remove curse
 f - a scroll of fog
 j - 4 scrolls of identify
 r - 4 scrolls of blinking
 u - 17 scrolls of teleportation
 B - 6 scrolls of fear
 K - 5 scrolls of summoning
 P - 2 scrolls of magic mapping
Potions
 a - 5 potions of flight
 g - 2 potions of cancellation
 i - 3 potions of berserk rage
 k - 15 potions of heal wounds
 l - 4 potions of resistance
 p - 21 potions of curing
 G - 3 potions of agility
 J - 2 potions of might
 M - 2 potions of cure mutation
 Q - 5 potions of haste
Miscellaneous
 e - a fan of gales
 z - a phial of floods
Comestibles
 m - 8 fruits
 Z - 4 slices of pizza


   Skills:
 + Level 16.0(21.0) Fighting
 + Level 16.0(21.0) Long Blades
 - Level 13.0(18.0) Maces & Flails
 + Level 8.2(13.2) Throwing
 * Level 16.2(21.2) Armour
 + Level 14.7(19.7) Dodging
 + Level 16.2(21.2) Shields
 - Level 8.7 Invocations
 + Level 12.5 Evocations


You had 19 spell levels left.
You didn't know any spells.

Dungeon Overview and Level Annotations

Branches:
Dungeon (15/15)            Temple (1/1) D:4            Lair (8/8) D:9
  Swamp (4/4) Lair:4       Spider (4/4) Lair:6        Slime (0/6) Lair:7
    Orc (4/4) D:12            Elf (3/3) Orc:3        Vaults (0/5) D:13
 Depths (0/5) D:15

Altars:
Ashenzari
Cheibriados
Dithmenos
Elyvilon
Fedhas
Gozag
Kikubaaqudgha
Makhleb
Nemelex Xobeh
Okawaru
Qazlal
Ru
Sif Muna
Trog
Vehumet
Xom
Yredelemnul
Zin
The Shining One
Jiyva

Shops:
D:10 (   Orc:3 }   Orc:4 !(=[(

Annotations:
Elf:3 Nikola


Innate Abilities, Weirdness & Mutations

You reflexively headbutt those who attack you in melee.
You have a pair of horns on your head.
You have hoof-like feet.
You are partially covered in molten scales (AC +1).
You are resistant to hostile enchantments.
Your muscles are very strong. (Str +4)
Your spells are a little harder to cast, but a little more powerful.


Message History

Aim: Nikola, wielding a rapier of electrocution, wearing an embroidered cloak and wearing a pair of gloves (almost dead)
You throw a poisoned javelin. The poisoned javelin hits Nikola!
Nikola is almost dead.
Nikola points at you and mumbles some strange words.
The bolt of lightning hits you!
* * * LOW HITPOINT WARNING * * *
Nikola gestures at you while chanting. The zap hits you!
You block Nikola's attack.
You hit Nikola. You headbutt Nikola.
Nikola is almost dead.
You hear a distant blaring wail to the south.
You completely miss Nikola. You headbutt Nikola.
Nikola is almost dead.
Nikola casts a spell.
You hear a mighty clap of thunder!
The lightning arc hits you!
* * * LOW HITPOINT WARNING * * *
The lightning arc hits Nikola.
The lightning arc hits you!
You die...

###'#####'######## ##.## ....#
##'#.....## ####'## ....##
##.......## ##...## .....#
#.........# ##.....## .....#
#........(####.......### (....#
#.........'..'.......+.. .[..'#*
#.......(.####.......### .(..#.#*
#.......@<# *#+.....##
##'###.#*##.....@.+#*#.##...##
#[# *#.####.....##.#.#*###'#
##[#####.#####'#####.######.#####
....?.................@..........
....<.)).)........).............)
≈≈≈≈.............................
≈≈≈≈≈≈.........................(.
####≈≈≈≈≈≈≈≈≈≈≈≈≈≈≈≈≈≈≈≈≈≈≈≈≈≈..≈
...##≈≈≈≈≈≈≈≈≈≈≈≈≈≈≈≈≈≈≈≈≈≈≈≈≈..≈


You could see Nikola.

Vanquished Creatures
  A tentacled monstrosity (WizLab)
  A bone dragon (Swamp:4)
  Rupert (D:13)
  A deep elf blademaster (Elf:3)
  The ghost of Shtopit the Severer, an adept GrBe of Trog (Elf:3)
  A tengu reaver (D:14)
  3 frost giants
  Maud (Lair:6)
  4 ghost moths
  Louise (Elf:2)
  3 deep elf sorcerers
  4 emperor scorpions (Spider:4)
  4 very ugly things (WizLab)
  4 deep elf demonologists (Elf:3)
  6 deep elf annihilators
  4 dire elephants (Lair:8)
  Snorg (D:11)
  2 deep elf death magi (Elf:3)
  Josephine (Lair:4)
  4 deep elf high priests
  2 entropy weavers (Spider:2)
  12 hydras
  Fannar (D:12)
  2 ice dragons (D:15)
  2 ghost crabs (Swamp:4)
  A catoblepas (D:15)
  An anaconda (Lair:8)
  A queen ant (Lair:8)
  20 dancing weapons
  4 centaur warriors
  5 ogre magi
  10 alligators
  4 death yaks
  18 deep elf knights
  A tengu warrior (D:13)
  A fire crab (shapeshifter) (WizLab)
  3 orc high priests
  4 skeletal warriors
  An iron golem (WizLab)
  8 swamp dragons
  2 unseen horrors
  2 spriggan druids
  7 large abominations (WizLab)
  3 spectral hydras (Swamp:4)
  2 shambling mangroves (Swamp:3)
  An unseen horror (shapeshifter) (Elf:2)
  5 deep elf summoners
  An obsidian statue (D:10)
  23 wolf spiders
  A necromancer (Spider:2)
  An orc knight (D:15)
  16 orb spiders
  2 oklob plants
  A phantasmal warrior (Swamp:4)
  6 hill giants
  8 hornets
  A harpy (shapeshifter) (WizLab)
  2 cyclopes
  15 deep elf conjurers
  A manticore (shapeshifter) (WizLab)
  3 moths of wrath
  A water nymph (shapeshifter) (WizLab)
  2 salamanders (shapeshifter) (WizLab)
  15 ugly things
  3 griffons
  Maurice (D:9)
  2 black mambas (shapeshifter) (WizLab)
  A guardian serpent (shapeshifter) (WizLab)
  Joseph (D:7)
  The ghost of emiel the Spear-Bearer, a novice NaGl (D:4)
  An ice statue (IceCv)
  14 elephants
  5 black mambas
  A spiny frog (shapeshifter) (WizLab)
  An octopode (shapeshifter) (WizLab)
  A gargoyle (D:13)
  5 orange demons (D:11)
  11 komodo dragons
  A yaktaur (shapeshifter) (WizLab)
  11 demonic crawlers
  An efreet (D:9)
  29 spiny frogs
  3 fire drakes
  3 hydra zombies (Swamp:4)
  6 swamp worm zombies (Swamp:4)
  9 trolls
  15 polar bears
  A freezing wraith (D:15)
  A queen bee (Lair:3)
  31 jumping spiders
  12 blink frogs
  2 red devils (D:11)
  A raiju (shapeshifter) (WizLab)
  12 deep elf priests
  5 giant leeches
  2 queen bees (shapeshifter) (WizLab)
  Grinder (D:6)
  A boulder beetle (Spider:4)
  34 slime creatures
  A jumping spider (shapeshifter) (WizLab)
  9 bog bodies
  18 two-headed ogres
  18 trapdoor spiders
  2 alligator zombies (Swamp:4)
  A blink frog (shapeshifter) (WizLab)
  A trapdoor spider (shapeshifter) (WizLab)
  A shadow (Swamp:3)
  Sigmund (D:6)
  A tarantella (shapeshifter) (WizLab)
  24 tarantellas
  2 spriggans (shapeshifter)
  25 deep elf magi
  70 yaks
  3 yaks (shapeshifter) (WizLab)
  57 redbacks
  A water elemental (D:14)
  6 wraiths
  3 hungry ghosts
  A hog (shapeshifter) (WizLab)
  A human (shapeshifter) (WizLab)
  Eustachio (D:6)
  5 spriggans
  6 wyverns
  5 basilisks
  29 deep elf fighters
  2 wargs
  A mottled dragon (D:12)
  16 vampire mosquitoes
  6 small abominations (WizLab)
  8 hippogriffs
  10 porcupines
  A basilisk (shapeshifter) (WizLab)
  20 swamp worms
  20 water moccasins
  3 steam dragons
  41 wolves
  10 insubstantial wisps
  21 soldier ants
  An ice beast (shapeshifter) (WizLab)
  An ice beast (D:8)
  24 orc warriors
  11 phantoms
  39 spiders
  2 eyes of draining
  2 necrophages
  39 ogres
  10 swamp drakes
  12 sky beasts
  10 wasps
  3 black bears
  A boggart (D:13)
  4 swamp dragon zombies (Swamp:4)
  21 crocodiles
  A crocodile (shapeshifter) (WizLab)
  17 centaurs
  The ghost of DEFE the Ducker, an amateur DEFi (D:3)
  2 brain worms (D:15)
  3 big kobolds
  24 giant frogs
  2 wyvern zombies
  A wyvern skeleton (D:14)
  4 scorpions
  Dowan (D:6)
  8 electric eels
  23 killer bees
  11 wights
  4 centaur zombies
  5 hounds
  10 crimson imps
  24 worker ants
  10 centaur skeletons
  3 giant frog skeletons
  4 jellies
  27 orc priests
  36 orc wizards
  6 iguanas
  A spectral swamp drake (Swamp:4)
  A killer bee zombie (D:11)
  27 sheep
  A hound zombie (D:7)
  2 hound skeletons (D:4)
  3 worker ant zombies
  18 adders
  5 gnolls
  87 river rats
  4 swamp drake zombies (Swamp:4)
  5 shadow imps
  12 white imps (Lair:3)
  7 giant eyeballs
  An adder skeleton (D:7)
  5 worms
  3 adder zombies
  6 giant geckos
  141 orcs
  2 ball pythons (D:1)
  3 giant cockroaches
  7 goblins
  9 hobgoblins
  7 jackals
  2 quokkas
  A ball python skeleton (Ossuary)
  9 bats
  2 giant newts
  A hobgoblin skeleton (Ossuary)
  3 hobgoblin zombies (Ossuary)
  16 kobolds
  2 orc skeletons (Ossuary)
  4 rats
  A crawling corpse (Elf:3)
  A fungus (Lair:5)
  12 plants
1768 creatures vanquished.

Vanquished Creatures (others)
  An ogre mage (Orc:4)
  A deep elf knight (Elf:3)
  A deep elf conjurer (Elf:3)
  A redback (Spider:2)
  3 deep elf magi
  A trapdoor spider (Spider:4)
  A deep elf fighter (Elf:2)
  6 insubstantial wisps (Swamp:4)
  An eye of draining (D:9)
  3 ogres (Orc:4)
  A worker ant (D:9)
  2 river rats (Lair:6)
  A crawling corpse (Elf:3)
  16 fungi
  16 plants
55 creatures vanquished.

Grand Total: 1823 creatures vanquished

Notes
Turn   | Place    | Note
--------------------------------------------------------------
     0 | D:1      | mrath the Minotaur Fighter began the quest for the Orb.
     0 | D:1      | Reached XP level 1. HP: 19/19 MP: 0/0
   250 | D:1      | Reached XP level 2. HP: 24/26 MP: 1/1
   458 | D:1      | Reached skill level 4 in Maces & Flails
   613 | D:1      | Reached XP level 3. HP: 31/31 MP: 2/2
  1083 | D:2      | Reached skill level 5 in Maces & Flails
  1607 | D:3      | Reached XP level 4. HP: 39/39 MP: 3/3
  1652 | D:3      | Reached skill level 6 in Maces & Flails
  1659 | D:3      | Reached XP level 5. HP: 40/45 MP: 4/4
  1823 | D:3      | Noticed DEFE's ghost (amateur DEFi)
  1849 | D:3      | Killed DEFE's ghost
  1849 | D:3      | Reached skill level 7 in Maces & Flails
  2217 | D:3      | Found a sparkling altar of Nemelex Xobeh.
  2448 | D:3      | Reached XP level 6. HP: 51/51 MP: 5/5
  2525 | D:3      | Found a glowing silver altar of Zin.
  2711 | D:4      | Noticed emiel's ghost (novice NaGl)
  2735 | D:4      | Killed emiel's ghost
  2735 | D:4      | Reached skill level 8 in Maces & Flails
  2735 | D:4      | Reached XP level 7. HP: 19/60 MP: 6/6
  3105 | D:4      | Found a sacrificial altar of Ru.
  3114 | D:4      | Reached skill level 5 in Armour
  3118 | D:4      | Found a shadowy altar of Dithmenos.
  3121 | D:4      | Found an iron altar of Okawaru.
  3369 | D:3      | Reached skill level 5 in Fighting
  3592 | D:4      | Reached skill level 5 in Shields
  3604 | D:4      | Became a worshipper of Warmaster Okawaru
  3641 | D:4      | Found a staircase to the Ecumenical Temple.
  3785 | D:5      | Entered Level 5 of the Dungeon
  3788 | D:5      | Found a blossoming altar of Fedhas.
  3870 | D:5      | Found a radiant altar of Vehumet.
  3899 | D:5      | Found a basalt altar of Yredelemnul.
  3909 | D:5      | Found a glowing golden altar of the Shining One.
  3912 | D:5      | Found a shattered altar of Ashenzari.
  4001 | D:5      | Reached skill level 1 in Evocations
  4078 | D:5      | Reached XP level 8. HP: 61/68 MP: 7/7
  4087 | D:5      | Found an iron altar of Okawaru.
  5111 | D:6      | Noticed Grinder
  5151 | D:6      | Killed Grinder
  5292 | D:6      | Reached * piety under Okawaru
  5420 | D:6      | Noticed Eustachio
  5424 | D:6      | Noticed Sigmund
  5429 | D:6      | Noticed Dowan
  5508 | D:6      | Killed Sigmund
  5508 | D:6      | Reached skill level 9 in Maces & Flails
  5749 | D:6      | Killed Eustachio
  5749 | D:6      | Reached ** piety under Okawaru
  5749 | D:6      | Reached XP level 9. HP: 70/75 MP: 10/10
  5782 | D:6      | Killed Dowan
  6436 | D:7      | Reached skill level 5 in Dodging
  6514 | D:7      | Noticed Joseph
  6528 | D:7      | Killed Joseph
  6548 | D:7      | Reached *** piety under Okawaru
  7098 | Temple   | Entered the Ecumenical Temple
  7357 | D:7      | Reached skill level 10 in Maces & Flails
  7937 | D:8      | Reached XP level 10. HP: 86/86 MP: 12/12
  8026 | D:8      | Found a sand-covered staircase.
  8078 | Ossuary  | Entered an ossuary
  8742 | D:8      | Found a snail-covered altar of Cheibriados.
  8841 | D:8      | Found a stormy altar of Qazlal.
  8980 | D:8      | Reached **** piety under Okawaru
  9265 | D:8      | Found a bloodstained altar of Trog.
  9941 | D:9      | Reached skill level 5 in Evocations
 10245 | D:9      | Reached ***** piety under Okawaru
 10359 | D:9      | Found a staircase to the Lair.
 10435 | D:9      | Noticed Maurice
 10454 | D:9      | Killed Maurice
 10454 | D:9      | Reached XP level 11. HP: 95/95 MP: 8/14
 11087 | Lair:1   | Entered Level 1 of the Lair of Beasts
 11139 | Lair:1   | Reached skill level 11 in Maces & Flails
 12380 | Lair:2   | Found a bloodstained altar of Trog.
 13550 | Lair:3   | Found a frozen archway.
 13587 | IceCv    | Entered an ice cave
 13718 | IceCv    | Reached skill level 1 in Invocations
 14323 | IceCv    | Received a gift from Okawaru
 14323 | IceCv    | Reached skill level 10 in Armour
 14498 | IceCv    | Received a gift from Okawaru
 14498 | IceCv    | Reached skill level 10 in Shields
 14498 | IceCv    | Reached XP level 12. HP: 99/105 MP: 15/15
 14785 | IceCv    | Noticed a frost giant
 14814 | IceCv    | Killed a frost giant
 15255 | Lair:2   | Gained mutation: You have large cloven feet. [potion of beneficial mutation]
 15256 | Lair:2   | Gained mutation: Your spells are a little harder to cast, but a little more powerful. [potion of beneficial mutation]
 15257 | Lair:2   | Gained mutation: You are resistant to hostile enchantments. [potion of beneficial mutation]
 15706 | Lair:3   | Reached skill level 12 in Maces & Flails
 16318 | Lair:4   | Noticed a six-headed hydra
 16331 | Lair:4   | Killed a six-headed hydra
 16331 | Lair:4   | Reached skill level 10 in Fighting
 16419 | Lair:4   | Noticed Josephine
 16495 | Lair:4   | Reached skill level 5 in Invocations
 16526 | Lair:4   | Found a staircase to the Swamp.
 16620 | Lair:4   | Reached skill level 1 in Long Blades
 17001 | Lair:4   | Killed Josephine
 17015 | Lair:4   | Received a gift from Okawaru
 17088 | Lair:4   | Noticed a seven-headed hydra
 17098 | Lair:4   | Killed a seven-headed hydra
 17331 | Lair:4   | Reached XP level 13. HP: 109/114 MP: 17/17
 18675 | Lair:5   | Found a bloodstained altar of Trog.
 19830 | Lair:5   | Reached skill level 10 in Dodging
 20213 | Lair:6   | Found a hole to the Spider Nest.
 20361 | Lair:6   | Reached skill level 5 in Long Blades
 20361 | Lair:6   | Reached skill level 13 in Maces & Flails
 20440 | Lair:6   | Received a gift from Okawaru
 20552 | Lair:6   | Noticed Maud
 20568 | Lair:6   | Killed Maud
 20858 | Lair:7   | Received a gift from Okawaru
 20859 | Lair:7   | Got a pitted executioner's axe {god gift}
 20958 | Lair:7   | Found a staircase to the Slime Pits.
 20959 | Lair:7   | Found a viscous altar of Jiyva.
 21014 | Lair:7   | Reached XP level 14. HP: 124/124 MP: 14/19
 22009 | Lair:2   | Identified the +1 executioner's axe "Byfrief" {flame, rElec Str+3} (Okawaru gifted it to you on level 7 of the Lair of Beasts)
 22133 | Lair:8   | Entered Level 8 of the Lair of Beasts
 22517 | Lair:8   | Received a gift from Okawaru
 23417 | Lair:8   | Received a gift from Okawaru
 23798 | Lair:8   | Received a gift from Okawaru
 24223 | D:10     | Entered Level 10 of the Dungeon
 25053 | D:10     | Found Jeoro's Weapon Shop.
 25724 | D:11     | Reached XP level 15. HP: 133/133 MP: 17/20
 26187 | D:11     | Noticed Snorg
 26195 | D:11     | Killed Snorg
 26610 | D:12     | Noticed Fannar
 26624 | D:12     | Killed Fannar
 26702 | D:12     | Found a staircase to the Orcish Mines.
 26842 | D:12     | Reached skill level 10 in Long Blades
 26963 | D:12     | Found Tihuveza's Gadget Emporium.
 27401 | D:12     | Paralysed by a giant eyeball for 4 turns
 27411 | D:12     | Paralysed by a giant eyeball for 4 turns
 27424 | D:12     | Paralysed by a giant eyeball for 3 turns
 27473 | D:12     | Paralysed by a giant eyeball for 2 turns
 27964 | Orc:1    | Entered Level 1 of the Orcish Mines
 29068 | Orc:3    | Found a staircase to the Elven Halls.
 29680 | Orc:3    | Found Rophupiac's Gadget Emporium.
 29765 | Orc:4    | Entered Level 4 of the Orcish Mines
 30226 | Orc:4    | Found Jayg's Weapon Shop.
 30284 | Orc:4    | Found Ibloal's Jewellery Shoppe.
 30284 | Orc:4    | Found Uremubin's Distillery.
 30285 | Orc:4    | Found Kestuv's Armour Boutique.
 30285 | Orc:4    | Found Gusuh's Antique Weapon Shoppe.
 30645 | Orc:4    | Bought the +4 plate armour of the Apprentice {rF+++ rC+ Str+3 Dex-2} for 1599 gold pieces
 30645 | Orc:4    | Bought the +1 large shield of Sunlight {*Drain rPois MR+ Stlth+} for 399 gold pieces
 30646 | Orc:4    | Bought the ring of the Ant {+Fly Dex+5} for 595 gold pieces
 31240 | D:13     | Found a gate to the Vaults.
 31382 | D:13     | Noticed Rupert
 31398 | D:13     | Killed Rupert
 32019 | D:14     | Found a shattered altar of Ashenzari.
 32677 | D:14     | Noticed a tengu reaver
 32686 | D:14     | Reached XP level 16. HP: 135/141 MP: 22/22
 32776 | D:14     | Killed a tengu reaver
 32776 | D:14     | Received a gift from Okawaru
 33627 | D:15     | Entered Level 15 of the Dungeon
 34006 | D:15     | Reached skill level 10 in Evocations
 34533 | D:15     | Found a staircase to the Depths.
 35322 | Swamp:1  | Entered Level 1 of the Swamp
 35635 | Swamp:1  | Reached skill level 1 in Throwing
 36226 | Swamp:2  | Received a gift from Okawaru
 36427 | Swamp:2  | Reached skill level 14 in Shields
 37087 | Swamp:3  | Got an iridescent quarterstaff
 37227 | Swamp:3  | Reached XP level 17. HP: 148/151 MP: 21/23
 37637 | Swamp:4  | Entered Level 4 of the Swamp
 37765 | Swamp:4  | Got a jewelled halberd
 38322 | Lair:2   | Identified 3 scrolls of acquirement
 38329 | Lair:2   | Got a pair of bloodstained boots
 38340 | Lair:2   | Identified the +0 pair of boots "Onuzecem" {rCorr MP+9 Str+4} (You acquired it on level 2 of the Lair of Beasts)
 39133 | Swamp:4  | Noticed a bone dragon
 39168 | Swamp:4  | Killed a bone dragon
 39221 | Swamp:4  | Got a decaying rune of Zot
 39278 | Swamp:4  | Received a gift from Okawaru
 39674 | Spider:1 | Entered Level 1 of the Spider Nest
 41245 | Spider:2 | Reached skill level 5 in Throwing
 41432 | Spider:2 | Received a gift from Okawaru
 42021 | Spider:3 | Received a gift from Okawaru
 42237 | Spider:3 | Received a gift from Okawaru
 42759 | Spider:3 | Reached skill level 15 in Shields
 42807 | Spider:4 | Entered Level 4 of the Spider Nest
 42844 | Spider:4 | Reached XP level 18. HP: 161/161 MP: 25/25
 43090 | Spider:4 | Got a dazzling ring mail
 43207 | Spider:4 | Reached ****** piety under Okawaru
 43595 | Spider:4 | Identified the cursed +1 ring mail of Liberty {rPois} (You found it on level 4 of the Spider Nest)
 43748 | Spider:4 | Received a gift from Okawaru
 43753 | Spider:4 | Reached skill level 15 in Armour
 43943 | Spider:4 | Reached skill level 15 in Fighting
 44003 | Spider:4 | Got a gossamer rune of Zot
 44674 | Elf:1    | Entered Level 1 of the Elven Halls
 46193 | Elf:2    | Found a magical portal.
 46209 | WizLab   | Entered Cigotuvi's Fleshworks
 46545 | WizLab   | Paralysed by a giant eyeball for 2 turns
 46557 | WizLab   | Paralysed by a giant eyeball for 3 turns
 46564 | WizLab   | Paralysed by a giant eyeball for 2 turns
 46675 | WizLab   | Received a gift from Okawaru
 46685 | WizLab   | Got an ivory eveningstar {god gift}
 46974 | WizLab   | Identified Cigotuvi's Guide on Transmutation and Black Secrets
 46982 | WizLab   | Identified the +0 eveningstar of Fynapp {elec, Str+5} (Okawaru gifted it to you in a wizard's laboratory)
 47486 | Lair:2   | Gained mutation: Your muscles are strong. (Str +2) [potion of beneficial mutation]
 47487 | Lair:2   | Gained mutation: You are partially covered in molten scales (AC +1). [potion of beneficial mutation]
 47488 | Lair:2   | Gained mutation: Your muscles are very strong. (Str +4) [potion of beneficial mutation]
 47489 | Lair:2   | Gained mutation: You have hoof-like feet. [potion of beneficial mutation]
 47496 | Lair:2   | Reached skill level 15 in Long Blades
 47496 | Lair:2   | Reached XP level 19. HP: 170/170 MP: 27/27
 47900 | Elf:2    | Reached XP level 20. HP: 179/179 MP: 28/28
 48050 | Elf:2    | Found a radiant altar of Vehumet.
 48305 | Elf:2    | Found a runed gate.
 48305 | Elf:2    | Found a runed gate.
 48306 | Elf:2    | Found a runed gate.
 48416 | Elf:2    | Noticed Louise
 48431 | Elf:2    | Killed Louise
 48659 | Elf:2    | Reached skill level 16 in Shields
 48906 | Elf:3    | Entered Level 3 of the Elven Halls
 49088 | Elf:3    | Noticed Shtopit's ghost (adept GrBe)
 49109 | Elf:3    | Killed Shtopit's ghost
 49109 | Elf:3    | Received a gift from Okawaru
 49647 | Elf:3    | Received a gift from Okawaru
 50347 | Elf:3    | Noticed Nikola
 50610 | Elf:3    | HP: 2/180 [Nikola/chain lightning (32)]
 50610 | Elf:3    | Killed from afar by Nikola

Action                   |  1- 3 |  4- 6 |  7- 9 | 10-12 | 13-15 | 16-18 | 19-21 || total
-------------------------+-------+-------+-------+-------+-------+-------+-------++-------
Melee: Flail             |    90 |    92 |   350 |  1093 |   458 |    40 |       ||  2123
       Whip              |       |       |    19 |       |       |       |       ||    19
       Unarmed           |       |       |     5 |       |       |       |       ||     5
       Katana            |       |       |       |       |  1491 |  1706 |   344 ||  3541
 Fire: Blowgun           |       |       |       |    22 |       |       |       ||    22
Throw: Javelin           |     8 |     2 |     6 |    22 |    74 |    61 |    26 ||   199
       Stone             |     9 |     1 |    15 |    14 |       |       |       ||    39
       Tomahawk          |       |       |       |    10 |     6 |     9 |       ||    25
Invok: Heroism           |       |       |     2 |    16 |    23 |    23 |    11 ||    75
       Finesse           |       |       |       |     9 |     8 |    12 |     4 ||    33
 Abil: Evoke Invisibilit |       |       |       |       |     2 |     3 |     1 ||     6
       Evoke Flight      |       |       |       |       |       |     1 |       ||     1
Evoke: Wand              |       |       |       |       |       |     4 |     1 ||     5
  Use: Potion            |       |     1 |       |     4 |     1 |    11 |       ||    17
       Scroll            |       |       |    10 |    11 |    10 |    23 |     4 ||    58
 Stab: Invisible         |       |       |       |       |       |     5 |       ||     5
  Eat: Chunk             |     2 |     3 |    18 |    28 |    52 |    40 |    12 ||   155
       Fruit             |       |       |       |     6 |     3 |     7 |     1 ||    17
       Pizza             |       |       |       |     1 |       |     3 |       ||     4
       Royal jelly       |       |       |       |       |     3 |     1 |       ||     4
       Beef jerky        |       |       |       |       |       |     4 |       ||     4
       Bread ration      |       |       |       |       |       |     1 |       ||     1
